 Dungeon Crawl Stone Soup version 0.29.1-13-g9f3cf754e1 (webtiles) character file.

Game seed: 12497756527491727019

13902 retardedninja the Cleaver (level 11, -3/102 HPs)
             Began as a Minotaur Fighter on Jan 27, 2023.
             Slain by Urug
             ... wielding a +3 great sword of electrocution
              (12 damage)
             ... on level 11 of the Dungeon.
             The game lasted 00:17:04 (16266 turns).

retardedninja the Cleaver (Minotaur Fighter)       Turns: 16266, Time: 00:17:05

Health: -3/102     AC: 27    Str: 24    XL:     11   Next: 81%
Magic:  10/10      EV:  6    Int:  5    God:
Gold:   743        SH: 11    Dex: 11    Spells: 10/10 levels left

rFire   . . .      SeeInvis +   q - +0 broad axe
rCold   . . .      Faith    .   r - +0 kite shield
rNeg    . . .      Spirit   .   D - +2 plate armour
rPois   .          Reflect  .   (helmet restricted)
rElec   .          Harm     .   v - +0 cloak
rCorr   .          Rampage  .   l - +2 pair of gloves
Will    .....                   i - +0 pair of boots
Stlth   ..........              (no amulet)
HPRegen 0.27/turn               h - ring of see invisible
MPRegen 0.12/turn               y - +4 ring of protection

@: no status effects
A: horns 2, retaliatory headbutt
a: no special abilities


You were on level 11 of the Dungeon.
You visited 2 branches of the dungeon, and saw 12 of its levels.

You collected 743 gold pieces.

Inventory:

Hand Weapons
 q - a +0 broad axe (weapon)
Missiles
 j - a throwing net (quivered)
Armour
 i - a +0 pair of boots (worn)
 l - a +2 pair of gloves (worn)
 r - a +0 kite shield (worn)
 v - a +0 cloak (worn)
 D - a +2 plate armour (worn)
Jewellery
 c - a +6 ring of dexterity
 h - a ring of see invisible (left hand)
 p - a ring of poison resistance
 y - a +4 ring of protection (right hand)
 z - an amulet of faith
 B - a ring of flight
Wands
 g - a wand of charming (21)
 k - a wand of iceblast (4)
Scrolls
 a - a scroll of magic mapping
 e - 7 scrolls of teleportation
 f - 3 scrolls of fear
 s - a scroll of blinking
Potions
 d - a potion of magic {unknown}
 m - 4 potions of attraction
 n - a potion of degeneration
 o - a potion of flight
 u - a potion of mutation
 w - a potion of cancellation


   Skills:
 + Level 11.2 Fighting
 * Level 14.0 Axes
 + Level 11.2 Armour
 + Level 11.2 Shields


You had 10 spell levels left.
You didn't know any spells.
Your spell library contained the following spells:

 Spells                   Type           Power      Damage    Failure   Level
 Sandblast                Erth           0%         2d4       100%        1
 Summon Small Mammal      Summ           0%         N/A       100%        1
 Passwall                 Tmut/Erth      0%         N/A       100%        2
 Poisonous Vapours        Pois/Air       0%         N/A       100%        2
 Scorch                   Fire           0%         2d5       100%        2
 Call Canine Familiar     Summ           0%         N/A       100%        3
 Portal Projectile        Hex/Tloc       0%         N/A       100%        3
 Stone Arrow              Conj/Erth      0%         3d7       100%        3
 Summon Guardian Golem    Hex/Summ       0%         N/A       100%        3
 Tukima's Dance           Hex            0%         N/A       100%        3
 Corpse Rot               Necr/Pois/Air  0%         N/A       100%        4
 Flame Wave               Conj/Fire      0%         2d4       100%        4
 Leda's Liquefaction      Hex/Erth       0%         N/A       100%        4
 Blade Hands              Tmut           0%         N/A       100%        5
 Lee's Rapid Deconstruct  Erth           0%         3d5*      100%        5
 Statue Form              Tmut/Erth      0%         N/A       100%        6
 Summon Cactus Giant      Summ           0%         N/A       100%        6
 Borgnjor's Revivificati  Necr           0%         N/A       100%        8
 Necromutation            Tmut/Necr      0%         N/A       100%        8
 Chain Lightning          Conj/Air       0%         N/A       100%        9
 Death's Door             Necr           0%         N/A       100%        9
 Fire Storm               Conj/Fire      0%         5d1       100%        9
 Shatter                  Erth           0%         3d5*      100%        9


Dungeon Overview and Level Annotations

Branches:
Dungeon (11/15)            Temple (1/1) D:5            Lair (0/5) D:10
    Orc (0/2) D:10

Altars:
Ashenzari
Cheibriados
Dithmenos
Elyvilon
Fedhas
Gozag
Hepliaklqana
Kikubaaqudgha
Makhleb
Nemelex Xobeh
Okawaru
Qazlal
Ru
Sif Muna
Trog
Uskayaw
Vehumet
Wu Jian
Xom
Yredelemnul
Zin
The Shining One

Shops:
D:5 =   D:7 [

Annotations:
D:11 Urug


Innate Abilities, Weirdness & Mutations

You have a pair of horns on your head.
You reflexively headbutt those who attack you in melee.


Message History

Urug screams, "All you harpies will die!"
Urug hits you but does no damage. The troll bites you but does no damage.
You block the troll's attack. The troll claws you.
You closely miss Urug.
Urug is lightly wounded.
You slash the troll!
You kill the troll!
Urug hits you with a +3 great sword of electrocution!!
* * * LOW HITPOINT WARNING * * *
Your Axes skill increases to level 14!
You feel much better. Urug hits you but does no damage.
You hit Urug but do no damage.
Urug is lightly wounded.
Urug hits you with a +3 great sword of electrocution!
* * * LOW HITPOINT WARNING * * *
You barely miss Urug. Your headbutt misses Urug.
Urug is lightly wounded.
You block Urug's attack.
Unknown command.
Sorry, you're not good enough to have a special ability.
You feel better.
Urug stares with her one eyeball.
You block Urug's attack.
You are confused.
You feel invigorated.
Urug hits you with a +3 great sword of electrocution!!
* * * LOW HITPOINT WARNING * * *
You slash Urug!
Urug is moderately wounded.
Urug hits you but does no damage.
You closely miss Urug.
Urug is moderately wounded.
You feel less invigorated.
You feel less confused.
Urug hits you with a +3 great sword of electrocution!!
* * * LOW HITPOINT WARNING * * *
You hit Urug but do no damage.
Urug is moderately wounded.
Urug hits you with a +3 great sword of electrocution!
You die...

#####+# ###..##
....... #.....#
..>.... #.....#
....... #.....#
......†#####.....#
......o@..##.....#
.......##.)#)))..#
....... ##.').)..#
###+### ###.....#
#. ##'#### #. #.##
#. #..### #.##
##...# ..#
########.###


You could see Urug.

Vanquished Creatures
  A centaur warrior (D:9)
  A tengu warrior (D:9)
  A two-headed ogre (D:8)
  An ugly thing (D:9)
  A cyclops (D:11)
  Maggie (D:9)
  3 trolls
  A slime creature (D:9)
  Sigmund (D:3)
  13 yaks (D:9)
  A wraith (D:10)
  2 vampire mosquitoes (D:9)
  2 wyverns
  An acid dragon (D:9)
  2 water moccasins
  2 black bears
  A sky beast (D:8)
  3 ice beasts
  11 orc warriors
  The ghost of Agrostarius the Chopper, an amateur HOBe of Trog (D:3)
  6 ogres
  2 wolves (D:9)
  11 centaurs
  A phantom (D:5)
  2 kobold brigands (D:9)
  3 bullfrogs
  A necrophage (D:6)
  4 gnoll sergeants
  A scorpion (D:6)
  9 wights
  A water moccasin skeleton (D:3)
  3 killer bees (D:9)
  A howler monkey (D:9)
  A centaur zombie (D:3)
  2 jellies (D:6)
  7 hounds
  Crazy Yiuf (D:5)
  10 orc priests
  Ijyb (D:5)
  4 iguanas
  15 orc wizards
  A killer bee zombie (D:3)
  Robin (D:3)
  13 gnolls
  8 adders
  A shadow imp (D:8)
  A white imp (D:5)
  2 worms
  2 dart slugs (D:1)
  42 orcs
  3 bats
  11 endoplasms
  4 giant cockroaches
  18 goblins
  7 hobgoblins
  10 jackals
  4 quokkas
  9 ball pythons
  6 frilled lizards
  16 kobolds
  5 rats
300 creatures vanquished.

Vanquished Creatures (collateral kills)
  Amaemon (D:9)
  Joseph (D:9)
  An orange demon (D:9)
3 creatures vanquished.

Vanquished Creatures (others)
  2 kobolds (D:9)
  11 plants (D:9)
  A withered plant (D:3)
14 creatures vanquished.

Grand Total: 317 creatures vanquished

Notes
Turn   | Place    | Note
-------+----------+-------------------------------------------
     0 | D:1      | retardedninja the Minotaur Fighter began the quest for the
                  | Orb.
     0 | D:1      | Reached XP level 1. HP: 19/19 MP: 0/0
    65 | D:1      | Reached XP level 2. HP: 27/27 MP: 1/1
   387 | D:1      | Reached skill level 3 in Axes
   391 | D:1      | Reached XP level 3. HP: 30/33 MP: 2/2
  1265 | D:2      | Reached XP level 4. HP: 27/40 MP: 3/3
  1724 | D:2      | Found a faded altar of an unknown god.
  1823 | D:3      | Noticed Robin
  1846 | D:3      | Noticed Sigmund
  1849 | D:3      | Killed Robin
  1864 | D:3      | Killed Sigmund
  1865 | D:3      | Reached skill level 5 in Fighting
  1865 | D:3      | Reached skill level 4 in Axes
  1865 | D:3      | Reached skill level 5 in Armour
  1865 | D:3      | Reached skill level 5 in Shields
  1865 | D:3      | Reached XP level 5. HP: 39/48 MP: 4/4
  1865 | D:3      | Reached XP level 6. HP: 45/56 MP: 5/5
  2261 | D:3      | Found a runed translucent gate.
  2261 | D:3      | Found a runed translucent gate.
  2261 | D:3      | Found a runed translucent gate.
  2539 | D:3      | Found a basalt altar of Yredelemnul.
  2941 | D:3      | Noticed Agrostarius's ghost (amateur HOBe)
  3145 | D:3      | Killed Agrostarius's ghost
  3146 | D:3      | Reached skill level 5 in Axes
  3146 | D:3      | Reached XP level 7. HP: 34/62 MP: 6/6
  5102 | D:5      | Entered Level 5 of the Dungeon
  5127 | D:5      | Noticed Ijyb
  5133 | D:5      | Killed Ijyb
  5134 | D:5      | Reached XP level 8. HP: 71/71 MP: 7/7
  5152 | D:5      | Found a runed translucent door.
  5153 | D:5      | Noticed Crazy Yiuf
  5215 | D:5      | Reached skill level 6 in Axes
  5769 | D:5      | Found Ontaedgh's Jewellery Shop.
  5889 | D:5      | Found a staircase to the Ecumenical Temple.
  5926 | Temple   | Entered the Ecumenical Temple
  7011 | D:5      | Killed Crazy Yiuf
  7260 | D:6      | Reached skill level 7 in Axes
  8003 | D:6      | Reached skill level 8 in Axes
  8033 | D:6      | Reached XP level 9. HP: 80/80 MP: 8/8
  8380 | D:7      | Found Ageosa's Antique Armour Shop.
  9600 | D:8      | Reached skill level 9 in Axes
 10008 | D:8      | Noticed a two-headed ogre
 10016 | D:8      | Killed a two-headed ogre
 10017 | D:8      | Reached skill level 10 in Axes
 10228 | D:8      | Reached XP level 10. HP: 90/90 MP: 9/9
 10630 | D:8      | Identified the +6 hand axe of Tartarus {vorpal, rPois rC+
                  | Str+4}
 10943 | D:9      | Noticed Maggie
 10973 | D:9      | Killed Maggie
 11308 | D:9      | Identified the +5 hand axe "Dragonbane" {elec, +Blink rF+}
 11317 | D:9      | Reached skill level 11 in Axes
 12318 | D:9      | Noticed a tengu warrior
 12332 | D:9      | Killed a tengu warrior
 12333 | D:9      | Reached skill level 10 in Fighting
 12333 | D:9      | Reached skill level 12 in Axes
 12333 | D:9      | Reached skill level 10 in Armour
 12333 | D:9      | Reached skill level 10 in Shields
 12708 | D:9      | Reached XP level 11. HP: 88/99 MP: 10/10
 12828 | D:9      | Noticed a centaur warrior
 12843 | D:9      | Killed a centaur warrior
 13010 | D:9      | Noticed a purple ugly thing
 13026 | D:9      | Killed a purple ugly thing
 13289 | D:10     | Entered Level 10 of the Dungeon
 13391 | D:10     | Found a staircase to the Orcish Mines.
 13395 | D:10     | Noticed Joseph
 13395 | D:10     | Noticed Amaemon
 14330 | D:9      | Reached skill level 13 in Axes
 15471 | D:9      | Killed Amaemon
 15472 | D:9      | Killed Joseph
 15935 | D:10     | Found a staircase to the Lair.
 16243 | D:11     | Identified the +1 sling "Jimpy" {venom, rElec Stlth+}
 16247 | D:11     | Noticed Urug
 16259 | D:11     | Reached skill level 14 in Axes
 16266 | D:11     | Slain by Urug

Illustrated notes

Levels and vault maps discovered:
D:1:      saegor_arrival_miasma, layout_loops_ring
D:2:      minmay_razor_zed, layout_basic, ebering_ecumenical_altar_box,
          corexii_hall_statues_i
D:3:      layout_loops_ring, yredelemnul_altar_generic,
          gammafunk_ghost_necromancy, uniq_sigmund, uniq_robin
D:4:      layout_basic
D:5:      layout_basic, minmay_temple_entry_glass, serial_shops,
          nicolae_shop_advertising_works [nicolae_subvault_shop_adworks],
          uniq_crazy_yiuf_cottage, uniq_ijyb
D:6:      layout_rooms, minivault_22
D:7:      layout_basic, serial_shops, shop
D:8:      layout_basic
D:9:      layout_loops_ring, minmay_shattered_shrine, uniq_maggie
D:10:     layout_rooms, erik_lair_island,
          kennysheep_orc_monster_closet_entryway, uniq_joseph, uniq_amaemon
D:11:     layout_roguey, roderic_roman_lattice, uniq_urug
Temple:   roderic_octagonal_lattice_temple

Skill      XL: |  1  2  3  4  5  6  7  8  9 10 11 |
---------------+----------------------------------+-----
Armour         | 4 5 6 7 9 10 11 | 11.2
Fighting       | 4 5 6 7 8 10 11 | 11.2
Shields        | 4 5 6 7 8 10 11 | 11.2
Axes           | 3 4 5 8 10 12 14 | 14.0

Action                   |  1- 3 |  4- 6 |  7- 9 | 10-12 || total
-------------------------+-------+-------+-------+-------++-------
Melee: War axe           |    75 |   105 |   293 |   379 ||   852
       Headbutt          |     6 |    20 |    69 |    86 ||   181
       Broad axe         |       |       |       |    29 ||    29
Evoke: Wand              |       |       |       |     2 ||     2
  Use: Potion            |       |     1 |     3 |     8 ||    12
       Scroll            |       |       |    23 |     4 ||    27
 Stab: Invisible         |       |       |     2 |       ||     2
Armor: Scale mail        |    30 |       |       |       ||    30
       Chain mail        |    22 |    95 |   114 |       ||   231
       Skin              |       |       |     2 |       ||     2
       Plate armour      |       |       |    61 |   311 ||   372
Dodge: Dodged            |    30 |    38 |   106 |   113 ||   287
Block: Buckler           |    13 |    35 |    88 |    56 ||   192
       Kite shield       |       |       |       |   203 ||   203
